 Dungeon Crawl Stone Soup version 0.26.1-2-gb8aa6d0 (webtiles) character file.

Game seed: 17995178542683628240

2338 Nithhogg the Cleaver (level 9, 0/72 HPs)
             Began as a Barachi Fighter on Mar 31, 2021.
             Killed from afar by an orc wizard (7 damage)
             ... with a magic dart
             ... on level 6 of the Dungeon.
             The game lasted 00:14:28 (8505 turns).

Nithhogg the Cleaver (Barachi Fighter)              Turns: 8505, Time: 00:14:28

Health: 0/72       AC:  8    Str: 20    XL:     9   Next: 43%
Magic:  9/9        EV: 12    Int: 16    God:
Gold:   4          SH:  0    Dex: 11    Spells: 8/8 levels left

rFire    . . .     SeeInvis .   z - +3 spear (venom)
rCold    . . .     Faith    .   (no shield)
rNeg     . . .     Spirit   .   b - +1 scale mail
rPois    .         Reflect  .   (no helmet)
rElec    .         Harm     .   (no cloak)
rCorr    .         Rampage  .   (no gloves)
Will     .....                  (no boots)
Stlth    ..........             (no amulet)
HPRegen  0.22/turn              g - +6 ring of intelligence
MPRegen  0.11/turn              m - ring of wizardry

@: can't hop, slow
A: +LOS, swims, slowness 1, strong legs 1
a: Hop


You were on level 6 of the Dungeon.
You visited 1 branch of the dungeon, and saw 6 of its levels.

You collected 424 gold pieces.
You spent 420 gold pieces at shops.

Inventory:

Hand Weapons
 a - a +0 war axe
 i - a +0 war axe
 n - a +4 antimagic spear
 v - a +2 flail of holy wrath
 x - a +2 whip of flaming
 z - a +3 spear of venom (weapon)
Armour
 b - a +1 scale mail (worn)
 c - a +0 kite shield
Jewellery
 g - a +6 ring of intelligence (left hand)
 j - an uncursed ring of ice
 m - a ring of wizardry (right hand)
Wands
 A - a wand of paralysis (10)
 C - a wand of acid (4)
Scrolls
 l - a scroll of immolation
 o - 2 scrolls of teleportation
 p - a scroll of blinking
 r - 5 scrolls of identify
 t - 2 scrolls of fear {unknown}
 w - a scroll of remove curse
 y - a scroll of enchant weapon {unknown}
 B - a scroll of brand weapon {unknown}
Potions
 d - 2 potions of lignification {unknown}
 e - 3 potions of haste
 f - a potion of berserk rage {unknown}
 h - a potion of degeneration {unknown}
 k - 2 potions of attraction {unknown}
 q - 2 potions of curing {unknown}
 s - a potion of magic {unknown}
 u - a potion of heal wounds {unknown}
Miscellaneous
 D - a lightning rod (4/4)


   Skills:
 + Level 7.0 Fighting
 * Level 8.3 Axes
 + Level 7.1 Armour
 + Level 5.3 Dodging
 - Level 3.2 Shields
 + Level 4.8 Evocations


You had 8 spell levels left.
You didn't know any spells.
Your spell library contained the following spells:

 Spells                   Type           Power        Failure   Level
 Confusing Touch          Hex            0%           56%         3
 Gell's Gravitas          Tloc           0%           56%         3
 Petrify                  Tmut/Erth      0%           91%         4
 Metabolic Englaciation   Hex/Ice        0%           99%         5
 Yara's Violent Unravell  Hex/Tmut       0%           99%         5


Dungeon Overview and Level Annotations

Branches:
Dungeon (6/15)
 Temple: D:4-7

Altars:
Ashenzari
Fedhas
Hepliaklqana
Qazlal

Shops:
D:6 }


Innate Abilities, Weirdness & Mutations

You can be seen from farther away. (+LOS)
You can swim through water.
You cover ground slowly.
You can hop short distances.


Message History

The magic dart hits you.
The orc wizard gestures at you while chanting.
The puff of flame hits you!
* * * LOW HITPOINT WARNING * * *
The orc barely misses you.
The orc priest mumbles some strange prayers to Beogh against you.
Beogh smites you!
* * * LOW HITPOINT WARNING * * *
The orc wizard hits you but does no damage.
The orc misses you.
Hop to where?
Press: ? - help, Dir - move target Boing!
Found 8 gold pieces.
Blink to where?
Press: ? - help, Dir - move target
As you read the scroll of blinking, it crumbles to dust.
The orc wizard gestures at you while chanting.
The magic dart hits you!
You die...

...# #..........# ...
...........# .
###..........######
#.#####.##o....#... #.#
#.#ยง......... ####<#
#............ #..#.#
###.o.........
..####.#.####.o...........
.....[...@.o..#...........
.....#.#.######...........
.. #.#.# ##..........
#...## ##.....#...
###..################
#........# #####....)...#
##### ##....[..)<...#
....## #..##.#########


You could see an orc priest, an orc wizard (fast) and an orc.

Vanquished Creatures
  Pikel (D:4)
  Edmund (D:4)
  A sky beast (D:6)
  A centaur (D:5)
  An ice beast (D:6)
  An ogre (D:5)
  A gnoll sergeant (D:5)
  The ghost of xeelzz the Caller, an amateur FeSu (D:4)
  A wyvern skeleton (D:6)
  4 scorpions
  A jelly (D:6)
  4 hounds
  An orc priest (D:3)
  5 gnoll shamans (D:5)
  An orc wizard (D:3)
  A centaur skeleton (D:4)
  An iguana (D:4)
  3 worker ants
  3 hound skeletons
  36 gnolls
  4 adders
  3 shadow imps
  An ufetubus (D:5)
  An ooze (D:4)
  An adder zombie (D:5)
  3 worms
  2 dart slugs
  3 leopard geckos
  4 orcs
  3 ball pythons
  6 bats
  4 giant cockroaches
  12 goblins
  9 hobgoblins
  21 jackals
  2 quokkas (D:3)
  8 frilled lizards
  6 kobolds
  A quokka zombie (D:5)
  11 rats
174 creatures vanquished.

Vanquished Creatures (others)
  2 plants (D:5)
2 creatures vanquished.

Grand Total: 176 creatures vanquished

Notes
Turn   | Place    | Note
-------+----------+-------------------------------------------
     0 | D:1      | Nithhogg the Barachi Fighter began the quest for the Orb.
     0 | D:1      | Reached XP level 1. HP: 18/18 MP: 1/1
    97 | D:1      | Reached XP level 2. HP: 24/25 MP: 2/2
   544 | D:2      | Reached skill level 1 in Dodging
   714 | D:2      | Reached XP level 3. HP: 27/30 MP: 3/3
   732 | D:2      | Reached skill level 3 in Axes
  1066 | D:2      | Found a stormy altar of Qazlal.
  1596 | D:3      | Reached XP level 4. HP: 31/37 MP: 4/4
  1739 | D:3      | Found a broken altar of Ashenzari.
  1841 | D:3      | Found a transporter.
  1972 | D:3      | Found a transporter.
  2218 | D:3      | Reached XP level 5. HP: 37/43 MP: 5/5
  2323 | D:3      | Found a hazy altar of Hepliaklqana.
  2368 | D:3      | Reached skill level 4 in Axes
  2372 | D:3      | Reached skill level 1 in Evocations
  2588 | D:4      | Reached XP level 6. HP: 49/49 MP: 6/6
  2779 | D:4      | Found a runed translucent door.
  2794 | D:4      | Noticed xeelzz's ghost (amateur FeSu)
  2814 | D:4      | Killed xeelzz's ghost
  3101 | D:4      | Noticed Edmund
  3130 | D:4      | Killed Edmund
  3131 | D:4      | Reached skill level 5 in Axes
  3131 | D:4      | Reached skill level 5 in Armour
  3397 | D:4      | Reached skill level 5 in Fighting
  3528 | D:4      | Reached XP level 7. HP: 48/56 MP: 7/7
  3588 | D:4      | Found a blossoming altar of Fedhas.
  3724 | D:4      | Noticed Pikel
  3736 | D:4      | Killed Pikel
  3737 | D:4      | Reached skill level 6 in Axes
  3737 | D:4      | Reached XP level 8. HP: 28/64 MP: 8/8
  3996 | D:5      | Entered Level 5 of the Dungeon
  4892 | D:5      | Reached skill level 7 in Axes
  6003 | D:5      | Reached XP level 9. HP: 68/71 MP: 9/9
  6600 | D:5      | Reached skill level 5 in Dodging
  7971 | D:6      | Reached skill level 8 in Axes
  8360 | D:6      | Found Ceroxuh's Gadget Shop.
  8477 | D:6      | Bought a lightning rod (4/4) for 420 gold pieces
  8505 | D:6      | Killed from afar by an orc wizard

Illustrated notes

Levels and vault maps discovered:
D:1:      eino_arrival_water_cross, layout_basic, minmay_tetromino_t2
D:2:      layout_loops_ring, lemuel_doored_altar
D:3:      layout_rooms, gammafunk_temple_overflow_arena,
          nicolae_overflow_hidden_temple
D:4:      kennysheep_spiral_hall, layout_basic, ebering_ghost_reflecting_pool,
          minmay_misc_feat_diagonals, fedhas_altar_3, uniq_edmund, uniq_pikel
D:5:      lemuel_castle_with_subvaults [lemuel_castle_interior_carwin_3],
          layout_cave_pods
D:6:      layout_rooms, chequers_temple_overflow_minitemple, serial_shops, shop

Skill      XL: |  1  2  3  4  5  6  7  8  9 |
---------------+----------------------------+-----
Dodging        | 1 2 3 4 5 |  5.3
Fighting       | 4 5 6 7 |  7.0
Axes           | 3 4 5 6 7 8 |  8.3
Armour         | 4 5 6 7 |  7.1
Evocations     | 1 2 3 4 |  4.8
Shields        | |  3.2

Action                   |  1- 3 |  4- 6 |  7- 9 || total
-------------------------+-------+-------+-------++-------
Melee: War axe           |   119 |   153 |    12 ||   284
       Whip              |       |       |   372 ||   372
       Spear             |       |       |   109 ||   109
 Abil: Hop               |       |     2 |     6 ||     8
Evoke: Wand              |       |     6 |     7 ||    13
  Use: Scroll            |     2 |     3 |     2 ||     7
       Potion            |       |     2 |       ||     2
Armor: Scale mail        |    72 |    80 |   159 ||   311
Dodge: Dodged            |    75 |    92 |   276 ||   443
